 Dungeon Crawl Stone Soup version 0.30.0-29-ga12c61a403 (webtiles) character file.

Game seed: 5022219700024461164

21 monsoonserge the Vexing (level 2, 0/22 HPs)
             Began as a Barachi Hexslinger on June 10, 2023.
             Succumbed to a goblin's poison
             ... on level 2 of the Dungeon.
             The game lasted 00:03:35 (1201 turns).

monsoonserge the Vexing (Barachi Hexslinger)        Turns: 1201, Time: 00:03:36

Health: 0/22       AC:  5    Str: 11    XL:     2   Next: 87%
Magic:  3/3        EV: 10    Int: 13    God:
Gold:   20         SH:  0    Dex: 12    Spells: 2/3 levels left

rFire   . . .        a - +1 sling
rCold   . . .        (no shield)
rNeg    . . .        m - +0 ring mail
rPois   .            (no helmet)
rElec   .            (no cloak)
rCorr   .            (no gloves)
SInv    .            (no boots)
Will    .....        (no amulet)
Stlth   +            (no ring)
HPRegen 0.23/turn    (no ring)
MPRegen 0.08/turn

%: no passive effects
@: lethally poisoned (0 -> -24), slow
A: amphibious, slowness 1, strong legs 1, +LOS
a: Hop


You were on level 2 of the Dungeon.
You visited 1 branch of the dungeon, and saw 2 of its levels.

You collected 20 gold pieces.

Inventory:

Hand Weapons
 a - a +1 sling (weapon)
Armour
 c - a +0 robe
 m - a +0 ring mail (worn)
Scrolls
 b - a scroll of poison
 e - a scroll of silence {unknown}
 g - a scroll of blinking {unknown}
 k - a scroll of enchant armour {unknown}
 l - a scroll of immolation {unknown}
Potions
 d - a potion of brilliance {unknown}
 f - a potion of might {unknown}
 h - a potion of degeneration {unknown}
 i - a potion of curing {unknown}
 j - a potion of lignification {unknown}


   Skills:
 + Level 1.7 Fighting
 + Level 2.6 Ranged Weapons
 + Level 2.3 Dodging
 + Level 1.1 Spellcasting
 + Level 3.6 Hexes


You had 2 spell levels left.
You knew the following spells:

 Your Spells              Type           Power      Damage    Failure   Level
a - Slow                  Hex            40%        N/A       16%         1

Your spell library contained the following spells:

 Spells                   Type           Power      Damage    Failure   Level
 Shock                    Conj/Air       0%         1d3       56%         1
 Inner Flame              Hex/Fire       5%         N/A       67%         3
 Portal Projectile        Hex/Tloc       10%        N/A       67%         3
 Cause Fear               Hex            5%         N/A       83%         4
 Swiftness                Air            0%         N/A       90%         3
 Airstrike                Air            0%         2d(0-16)  100%        4


Dungeon Overview and Level Annotations

Branches:
Dungeon (2/15)

Altars:


Innate Abilities, Weirdness & Mutations

You are amphibious.
You cover ground slowly.
You can hop short distances.
You have an extended range of vision and can be seen from far away.


Message History

You see here a hobgoblin corpse.
A goblin comes into view. It is wielding a +1 dagger of venom.
The goblin shouts!
A ball python comes into view.
The goblin hits you but does no damage.
You are poisoned.
You shoot a sling bullet.
The sling bullet closely misses the goblin.
The ball python hisses angrily.
You feel sick. The goblin barely misses you.
You shoot a sling bullet. The sling bullet misses the goblin.
You feel sick. The goblin barely misses you. The goblin misses you.
You shoot a sling bullet.
The sling bullet closely misses the goblin.
You feel sick. The goblin hits you but does no damage.
You are more poisoned.
You shoot a sling bullet.
The sling bullet closely misses the goblin.
You feel very sick. The goblin hits you but does no damage.
You are more poisoned.
Fire: a) +1 sling
Press: ? - help, Q - select action, (/) - cycle Shift-Dir - straight line, f - ball python, p - goblin
Aim: a ball python (52% to hit)
You shoot a sling bullet.
The sling bullet barely misses the goblin.
The sling bullet hits the ball python.
The ball python is heavily wounded.
You feel very sick.
The goblin hits you with a +1 dagger of venom.
You are lethally poisoned!
The goblin hits you with a +1 dagger of venom.
You are more poisoned.
Fire: a) +1 sling
Press: ? - help, Q - select action, (/) - cycle Shift-Dir - straight line, f/p - ball python
Aim: a ball python (heavily wounded, 52% to hit)
You shoot a sling bullet.
The sling bullet closely misses the goblin.
The sling bullet closely misses the ball python.
You die...

..# ..# ..# #. #.#
....#. #.# # #.#.#.
#.#.#
#######.#.#.##.#.#.##..
#.....#.#.#....gS......
#.###.#.#.#..#@# #.#
#.#.#.#..#.# #.#
#.#.#.#..#.#.# #.#
#.#.#.#....#.# ## #.#
#.#...##.###.# . #.#
#.#†#......#.#.# # #.#
#.#......#.#.#.#.# #.#
#.##†....).....#.# #.#
#..........#.#...#.#


You could see a goblin and a ball python.

Vanquished Creatures
  A ball python (D:1)
  3 endoplasms (D:1)
  4 hobgoblins
  A kobold (D:1)
  2 quokkas (D:1)
  4 bats
  A frilled lizard (D:2)
  A goblin (D:1)
  2 rats (D:1)
19 creatures vanquished.

Notes
Turn   | Place    | Note
-------+----------+-------------------------------------------
     0 | D:1      | monsoonserge the Barachi Hexslinger began the quest for the
                  | Orb.
     0 | D:1      | Reached XP level 1. HP: 15/15 MP: 2/2
   297 | D:1      | Reached XP level 2. HP: 21/21 MP: 3/3
  1201 | D:2      | Succumbed to a goblin's poison

Illustrated notes

Levels and vault maps discovered:
D:1:      lemuel_arrival_cross, layout_basic, serial_forest,
          infiniplex_forest_lined_2, infiniplex_forest_clump_small,
          infiniplex_forest_lined_room_2, infiniplex_forest_side_room,
          infiniplex_forest_straight_5, infiniplex_forest_straight_3,
          infiniplex_forest_clump_medium, infiniplex_forest_split,
          infiniplex_forest_end_double
D:2:      layout_basic

Action                     || total
---------------------------++-------
   Fire: Sling             ||    76
   Cast: Slow              ||     1
 Armour: Robe              ||     9
         Ring mail         ||     6
  Dodge: Dodged            ||    30
